 Dungeon Crawl Stone Soup version 0.29-a0-187-ga23d9638d5 (webtiles) character file.

Game seed: 5975818470517962664

58 tilp the Chiller (level 3, 0/14 HPs)
             Began as a Felid Ice Elementalist on Feb 22, 2022.
             Slain by a gnoll (9 damage)
             ... on level 2 of the Dungeon.
             The game lasted 00:03:10 (1325 turns).

tilp the Chiller (Felid Ice Elementalist)           Turns: 1325, Time: 00:03:11

Health: 0/14       AC:  1    Str:  4    XL:     3   Next: 75%
Magic:  5/8        EV: 17    Int: 18    God:
Gold:   86         SH:  0    Dex: 16    Spells: 0/7 levels left
                                        Lives:  0   Deaths: 0

rFire   . . .      SeeInvis +   (weapon unavailable)
rCold   . . .      Faith    .   (shield unavailable)
rNeg    . . .      Spirit   .   (body armour unavailable)
rPois   .          Reflect  .   (helmet unavailable)
rElec   .          Harm     .   (cloak unavailable)
rCorr   .          Rampage  .   (gloves unavailable)
Will    .....                   (boots unavailable)
Stlth   ++........              (no amulet)
HPRegen 0.04/turn               (no ring)
MPRegen 0.11/turn               (no ring)

@: freezing walls, quick
A: very small, claws 1, fangs 3, see invisible, speed 1, shaggy fur 1, stealthy
paws, no weapons or thrown items, no armour, multi-lived
a: no special abilities


You were on level 2 of the Dungeon.
You visited 1 branch of the dungeon, and saw 2 of its levels.

You collected 86 gold pieces.

Inventory:

Scrolls
 c - a scroll of fog {unknown}
 d - a scroll of vulnerability {unknown}
Potions
 a - a potion of ambrosia {unknown}
 b - 2 potions of curing {unknown}


   Skills:
 - Level 2.6 Dodging
 - Level 2.6 Stealth
 + Level 2.7 Spellcasting
 * Level 4.6 Ice Magic


You couldn't memorise any spells.
You knew the following spells:

 Your Spells              Type           Power      Damage    Failure   Level
a - Freeze                Ice            72%        1d9       2%          1
b - Frozen Ramparts       Ice            36%        1d5       8%          3
c - Ozocubu's Armour      Ice            18%        N/A       8%          3

Your spell library contained the following spells:

 Spells                   Type           Power      Damage    Failure   Level
 Hailstorm                Conj/Ice       10%        3d5       54%         4
 Malign Gateway           Summ/Tloc      1%         N/A       100%        7
 Summon Horrible Things   Summ           1%         N/A       100%        8


Dungeon Overview and Level Annotations

Branches:
Dungeon (2/15)

Altars:
Uskayaw


Innate Abilities, Weirdness & Mutations

You have sharp claws.
You have razor-sharp teeth.
You have supernaturally acute eyesight. (SInv)
You cover ground quickly. (Speed+)
You are covered in fur. (AC +1)
Your paws help you pounce on unaware monsters.
You are incapable of wielding weapons or throwing items.
You cannot wear armour.
You gain extra lives every three experience levels.


Message History

You barely miss the rat.
The rat is moderately wounded.
The rat misses you.
Casting: Freeze (safe; 2% risk of failure)
Confirm with . or Enter, or press ? or * to list all spells.
Aiming: Freeze (safe; 2% risk of failure)
Press: ? - help, Shift-Dir - straight line, f - rat
Aim: a rat (moderately wounded)
You freeze the rat.
You kill the rat!
Unknown command.
A frilled lizard comes into view.
A frilled lizard is nearby!
A frilled lizard is nearby!
A gnoll comes into view. It is wielding a +0 club.
Unknown command.
A kobold comes into view. It is wielding a +0 dagger.
Found 24 stones.
The kobold shouts!
The frilled lizard hisses angrily.
The gnoll shouts!
The frilled lizard bites you.
A ball python comes into view.
The ball python hisses angrily.
The frilled lizard bites you.
Casting: Freeze (safe; 2% risk of failure)
Confirm with . or Enter, or press ? or * to list all spells.
The spell is potentially lethal to miscast (8% risk of failure)!
Continue anyway?
Casting: Frozen Ramparts (potentially lethal; 8% risk of failure)
Press: ? - help, Dir - look around, f - activate The walls around you are covered in ice.
The wall freezes the gnoll.
Unknown command.
Unknown command.
You scratch the frilled lizard.
You kill the frilled lizard!
The wall freezes the gnoll.
A worm comes into view.
The kobold throws a stone.
The stone closely misses you.
The wall freezes the gnoll.
The gnoll hits you with a +0 club!
Ouch! That really hurt!
You die...

#.............#....#...........
#..............................
##............#....###.........
####.................###
#.......................
#.....#......#####...###
#....<'.................
#.....#..........##.##
#....##.........@g...##(#
#....##...............w#
#...............S.....##
##....................#
#........#+#####K......
#......... ......... ..
............ S............
..............


You could see a worm, a gnoll, a ball python and a kobold.

Vanquished Creatures
  An adder (D:2)
  3 bats (D:1)
  2 endoplasms (D:1)
  2 giant cockroaches (D:1)
  7 goblins (D:1)
  5 hobgoblins
  5 jackals (D:1)
  5 kobolds
  2 quokkas
  2 ball pythons (D:1)
  4 frilled lizards
  4 rats
42 creatures vanquished.

Notes
Turn   | Place    | Note
-------+----------+-------------------------------------------
     0 | D:1      | tilp the Felid Ice Elementalist began the quest for the
                  | Orb.
     0 | D:1      | Reached XP level 1. HP: 7/7 MP: 4/4
   120 | D:1      | Reached XP level 2. HP: 11/11 MP: 0/6
   160 | D:1      | Reached skill level 4 in Ice Magic
   545 | D:1      | Reached XP level 3. HP: 11/14 MP: 2/7
   556 | D:1      | Learned a level 3 spell: Frozen Ramparts
   768 | D:1      | Learned a level 3 spell: Ozocubu's Armour
  1156 | D:2      | Found a hide-covered altar of Uskayaw.
  1325 | D:2      | Slain by a gnoll

Illustrated notes

Levels and vault maps discovered:
D:1:      dpeg_arrival_stone_temple_mockup, layout_rooms, minmay_misc_feat_tower
D:2:      layout_basic, basic_altar, shapermc_ecumenical_altar_mp_vishouse,
          minmay_tetromino_s4

Skill      XL: |  1  2 |
---------------+-------+-----
Ice Magic      | 4 |  4.6
Dodging        | |  2.6
Stealth        | |  2.6
Spellcasting   | |  2.7

Action                   || total
-------------------------++-------
Melee: Unarmed           ||    18
       Bite              ||     1
 Cast: Freeze            ||    43
       Frozen Ramparts   ||     3
  Use: Scroll            ||     1
 Stab: Sleeping          ||     6
       Distracted        ||     1
Armor: Skin              ||     3
Dodge: Dodged            ||    28

Table legend: (Time is in decaauts)
 A = Elapsed time spent in this place.
 B = Non-inter-level travel time spent in this place.
 C = Inter-level travel time spent in this place.
 D = Time resting spent in this place.
 E = Time spent auto-exploring this place.
 F = Levels seen in this place.
 G = Mean time per level.
                   A        B        C        D        E       F      G
               +--------+--------+--------+--------+--------+-----+--------+
         Total |   1184 |   1154 |     30 |    200 |    641 |   2 |  592.0 |
       Dungeon |   1184 |   1154 |     30 |    200 |    641 |   2 |  592.0 |
               +--------+--------+--------+--------+--------+-----+--------+

Top non-repeatable levels by time:
     D:1: 925 daAuts
     D:2: 258 daAuts
